 Dungeon Crawl Stone Soup version 0.29.1-1-gd02db6906a (webtiles) character file.

Game seed: 1969065568394090828

428 Ijustatesigmund the Trooper (level 6, 0/61 HPs)
             Began as a Gargoyle Fighter on Sept 15, 2022.
             Slain by a scorpion (1 damage)
             ... on level 4 of the Dungeon.
             The game lasted 00:04:54 (3175 turns).

Ijustatesigmund the Trooper (Gargoyle Fighter)      Turns: 3175, Time: 00:04:55

Health: 0/61       AC: 12    Str: 20    XL:     6   Next: 98%
Magic:  6/6        EV:  9    Int: 10    God:
Gold:   176        SH:  9    Dex:  9    Spells: 5/5 levels left

rFire   . . .      SeeInvis .   a - +0 flail
rCold   . . .      Faith    .   c - +0 buckler
rNeg    + . .      Spirit   .   b - +0 scale mail
rPois   ∞          Reflect  +   (no helmet)
rElec   +          Harm     .   (no cloak)
rCorr   +          Rampage  .   n - +0 pair of gloves
Will    .....                   (no boots)
Stlth   ..........              h - amulet of reflection
HPRegen 0.20/turn               f - ring of resist corrosion
MPRegen 0.10/turn               (no ring)

@: berserking (expiring), very quick
A: sickness immunity, AC +4, negative energy resistance 1, electricity
resistance, torment resistance 1, petrification resistance
a: no special abilities


You were on level 4 of the Dungeon.
You visited 1 branch of the dungeon, and saw 4 of its levels.

You collected 176 gold pieces.

Inventory:

Hand Weapons
 a - a +0 flail (weapon)
Missiles
 l - 6 silver javelins (quivered)
Armour
 b - a +0 scale mail (worn)
 c - a +0 buckler (worn)
 e - an orb of mayhem
 n - a +0 pair of gloves (worn)
Jewellery
 f - a ring of resist corrosion (left hand)
 h - an amulet of reflection (around neck)
Scrolls
 g - a scroll of identify
 o - a scroll of immolation
 p - a scroll of teleportation {unknown}
Potions
 d - a potion of might
 j - a potion of haste
 k - a potion of mutation
 m - a potion of flight


   Skills:
 + Level 6.0 Fighting
 + Level 5.0 Maces & Flails
 + Level 4.1 Armour
 - Level 3.2 Shields


You had 5 spell levels left.
You didn't know any spells.
Your spell library contained the following spells:

 Spells                   Type           Power      Damage    Failure   Level
 Magic Dart               Conj           0%         1d3       80%         1
 Call Imp                 Summ           0%         N/A       91%         2
 Searing Ray              Conj           0%         2d4       91%         2
 Mephitic Cloud           Conj/Pois/Air  0%         N/A       99%         3
 Fulminant Prism          Conj/Hex       0%         3d6       100%        4
 Summon Ice Beast         Ice/Summ       0%         N/A       100%        4
 Summon Mana Viper        Hex/Summ       0%         N/A       100%        5
 Monstrous Menagerie      Summ           0%         N/A       100%        7


Dungeon Overview and Level Annotations

Branches:
Dungeon (4/15)
 Temple: D:4-7

Altars:
Cheibriados
Ru


Innate Abilities, Weirdness & Mutations

You are immune to sickness and miasma.
Your stone body is resilient. (AC +4)
You are immune to poison.
You resist negative energy. (rN+)
You are resistant to electric shocks. (rElec)
You are resistant to unholy torment.
You are immune to petrification.


Message History

Ijyb is heavily wounded.
You block Ijyb's attack. The grasping roots constrict you.
* * * LOW HITPOINT WARNING * * *
You barely miss Ijyb.
Ijyb is heavily wounded.
You block Ijyb's attack. The grasping roots constrict you.
You block Ijyb's attack. The grasping roots constrict you.
* * * LOW HITPOINT WARNING * * *
The grasping roots release their grip on you.
You closely miss Ijyb.
Ijyb is heavily wounded.
A centaur comes into view.
Ijyb misses you.
You are too berserk!
You closely miss Ijyb.
Ijyb is heavily wounded.
The centaur barely misses you.
The centaur kicks you but does no damage.
Ijyb zaps a wand.
The roots erupt in riotous growth!
The grasping roots grab you!
The centaur is unaffected.
Ijyb is unaffected.
The grasping roots constrict you.
* * * LOW HITPOINT WARNING * * *
You thump Ijyb!
You kill Ijyb!
The centaur barely misses you.
The centaur kicks you but does no damage.
The centaur hits you but does no damage.
The centaur kicks you but does no damage.
Your Maces & Flails skill increases to level 5!
You hit the scorpion.
The scorpion is lightly wounded.
The centaur misses you.
The centaur kicks you but does no damage.
The scorpion stings you but does no damage.
You closely miss the scorpion.
The scorpion is lightly wounded.
The centaur hits you but does no damage.
You block the centaur's attack. The scorpion stings you.
You die...

...........####.#.#............#
...........####.#.#............#
..............#.#.#.##.........#
..............#.#<..##.........#
..............#.#..............#
..............#.#...#.#.########
..............#.#.......#
###########...#.#########
......+...+.@s......
###....#c######## #.....###...#
#.....# ###.# ###.....###...#
#......†....####
#..................
......_......###..#
................


You could see a centaur and a scorpion.

Vanquished Creatures
  A sky beast (D:4)
  A black bear (D:4)
  A howler monkey (D:3)
  Ijyb (D:4)
  Natasha (thrice) (D:2)
  2 adders (D:2)
  2 worms
  3 dart slugs
  5 ball pythons
  5 endoplasms
  6 giant cockroaches
  10 goblins
  9 hobgoblins
  6 jackals
  4 quokkas
  3 bats
  5 frilled lizards
  3 kobolds
  8 rats
78 creatures vanquished.

Vanquished Creatures (others)
  5 withered plants (D:1)
5 creatures vanquished.

Grand Total: 83 creatures vanquished

Notes
Turn   | Place    | Note
-------+----------+-------------------------------------------
     0 | D:1      | Ijustatesigmund the Gargoyle Fighter began the quest for
                  | the Orb.
     0 | D:1      | Reached XP level 1. HP: 14/14 MP: 1/1
   239 | D:1      | Reached XP level 2. HP: 17/19 MP: 2/2
   663 | D:1      | Found a faded altar of an unknown god.
   901 | D:1      | Reached XP level 3. HP: 22/24 MP: 3/3
   947 | D:1      | Reached skill level 4 in Fighting
  1546 | D:2      | Reached XP level 4. HP: 22/30 MP: 4/4
  1767 | D:2      | Noticed Natasha
  1778 | D:2      | Killed Natasha
  1782 | D:2      | Noticed Natasha
  1793 | D:2      | Killed Natasha
  1794 | D:2      | Reached XP level 5. HP: 14/34 MP: 5/5
  2010 | D:2      | Noticed Natasha
  2022 | D:2      | Killed Natasha
  2023 | D:2      | Reached skill level 5 in Fighting
  2809 | D:3      | Found a sacrificial altar of Ru.
  2955 | D:4      | Noticed a black bear
  2957 | D:4      | Noticed a sky beast
  2964 | D:4      | Killed a black bear
  2965 | D:4      | Reached XP level 6. HP: 41/41 MP: 6/6
  2999 | D:4      | Killed a sky beast
  3068 | D:4      | Reached skill level 6 in Fighting
  3135 | D:4      | Found a snail-covered altar of Cheibriados.
  3156 | D:4      | Noticed Ijyb
  3172 | D:4      | HP: 1/61 [constriction (3)]
  3173 | D:4      | Killed Ijyb
  3174 | D:4      | Reached skill level 5 in Maces & Flails
  3175 | D:4      | Slain by a scorpion

Illustrated notes

Levels and vault maps discovered:
D:1:      dpeg_arrival_morbid_curiosity, layout_basic,
          shapermc_ecumenical_altar_flowoftime
D:2:      layout_rooms, uniq_natasha
D:3:      layout_rooms, nicolae_ru_path_of_blood
D:4:      layout_basic, slow_altar_1, mainiacjoe_overflow_boulevard,
          serial_shops, kennysheep_little_box, uniq_ijyb

Skill      XL: |  1  2  3  4  5  6 |
---------------+-------------------+-----
Fighting       | 4 5 6 |  6.0
Maces & Flails | 3 4 5 |  5.0
Armour         | 4 |  4.1
Shields        | |  3.2

Action                   |  1- 3 |  4- 6 || total
-------------------------+-------+-------++-------
Melee: Flail             |   129 |   200 ||   329
Throw: Javelin           |       |     2 ||     2
  Use: Scroll            |       |     9 ||     9
       Potion            |       |     1 ||     1
Armor: Scale mail        |    64 |    83 ||   147
Dodge: Dodged            |    54 |    54 ||   108
Block: Buckler           |    32 |    86 ||   118
       Reflection        |       |     1 ||     1
